Sharks vs Panthers
Created - April 9, 2021 at 19:17
Goals
|
| Sharks |
0 |
1 |
0 |
0 |
2 |
2 |
| Panthers |
0 |
1 |
0 |
0 |
0 |
1 |
|
Shots
|
| Sharks |
8 |
5 |
9 |
1 |
3 |
23 |
| Panthers |
7 |
15 |
9 |
2 |
2 |
33 |
|
1st period
No Goal
Penalties :
T.J. Hensick (SJS) for Hooking (Minor) at 0:33, Brayden McNabb (SJS) for Tripping (Minor) at 3:12
2nd period
1. Sharks , Nick Palmieri 36 (Jason Spezza 48) at 11:11 (PP)
2. Panthers , Erik Gudbranson 5 (Alex Goligoski 26, Viktor Arvidsson 13) at 12:00
Penalties :
Mike Cammalleri (SJS) for Slashing (Minor) at 1:00, Jonathan Sigalet (Flo) for Roughing (Minor) at 11:08
3rd period
No Goal
Penalties :
Erik Gudbranson (Flo) for Holding (Minor) at 3:35, Karl Alzner (SJS) for Roughing (Minor) at 8:54, PK Subban (SJS) for Tripping (Minor) at 10:56, Jason Spezza (SJS) for Hooking (Minor) at 15:24, Brayden McNabb (SJS) for Tripping (Minor) at 19:27
Overtime #1
No Goal
Penalties :
No Penalty
Shootout
Sharks, Jason Spezza - Goal!
Panthers, Jakob Silfverberg - Stopped by Ryan Miller
Sharks, Nick Palmieri - Stopped by Petr Mrazek
Panthers, Viktor Arvidsson - Stopped by Ryan Miller
Sharks, Mike Cammalleri - Goal!
Penalties :
No Penalty
Goalie Stats
Ryan Miller (SJS), 32 saves from 33 shots - (0.970), W, 31-20-11, 65:00 minutes
Petr Mrazek (Flo), 22 saves from 23 shots - (0.957), OTL, 23-19-3, 65:00 minutes
Players Stats for Sharks
Player Name G A P +/- PIM S H SB GA TA FO MP PP MP PK MP
------------------------------------------------------------------------------------
Andrej Sekera 0 0 0 0 0 0 0 0 0 0 0/0 10:22 0:00 0:00
Bobby Butler 0 0 0 -1 0 0 2 0 0 0 0/1 12:57 0:06 0:00
Boone Jenner 0 0 0 0 0 0 0 0 0 0 0/0 6:45 0:00 1:51
Brandon Dubinsky 0 0 0 0 0 2 3 0 0 1 0/1 20:50 0:52 4:48
Brayden McNabb 0 0 0 0 4 0 2 1 0 0 0/0 11:59 0:00 1:29
David Rundblad 0 0 0 0 0 0 0 0 0 0 0/0 5:14 0:00 1:35
Drew Doughty 0 0 0 0 0 4 2 4 0 0 0/0 30:42 0:43 7:27
Jason Spezza 0 1 1 0 2 1 1 1 0 0 16/33 25:13 1:04 6:04
Karl Alzner 0 0 0 -1 2 3 1 0 0 0 0/0 22:19 1:19 4:52
Luke Adam 0 0 0 -1 0 1 2 0 0 0 0/6 11:13 0:00 0:00
Mike Cammalleri 0 0 0 0 2 4 1 2 0 0 0/1 22:26 1:04 2:54
Milan Michalek 0 0 0 -1 0 1 0 0 0 0 1/3 13:02 0:06 0:00
Nick Palmieri 1 0 1 0 0 4 3 0 0 1 0/2 26:01 1:04 7:27
Oskar Osala 0 0 0 0 0 0 0 0 0 1 0/0 12:48 0:52 0:00
PK Subban 0 0 0 0 2 1 2 3 0 2 0/0 26:18 0:49 6:25
T.J. Hensick 0 0 0 0 2 2 1 0 0 0 3/13 14:56 0:52 0:18
Tyler Cuma 0 0 0 -1 0 0 2 0 0 2 0/0 23:26 1:19 5:58
Zach Boychuk 0 0 0 0 0 0 1 0 0 0 0/3 9:29 0:00 2:57
Players Stats for Panthers
Player Name G A P +/- PIM S H SB GA TA FO MP PP MP PK MP
------------------------------------------------------------------------------------
Alex Galchenyuk 0 0 0 0 0 6 3 0 2 0 2/3 23:52 6:23 0:37
Alex Goligoski 0 1 1 1 0 6 1 0 0 0 0/0 26:19 5:35 1:12
Chad Larose 0 0 0 1 0 0 2 1 0 0 0/0 12:55 0:15 0:36
David Booth 0 0 0 0 0 1 2 0 0 0 0/0 18:48 5:42 0:00
Drew Stafford 0 0 0 1 0 2 5 0 1 0 2/2 13:16 0:36 1:03
Erik Gudbranson 1 0 1 1 2 1 2 2 2 0 0/0 30:54 6:51 0:03
Jakob Silfverberg 0 0 0 0 0 3 0 1 0 0 2/2 23:31 6:22 0:00
Jonathan Sigalet 0 0 0 0 2 0 1 0 0 0 0/0 11:51 0:00 0:47
Kyle Wellwood 0 0 0 0 0 0 0 1 0 0 3/3 5:52 0:00 0:00
Matt Duchene 0 0 0 0 0 6 3 2 0 0 22/32 24:08 6:25 0:23
Max Reinhart 0 0 0 1 0 0 0 0 0 0 4/8 12:28 0:00 1:03
Michael Raffl 0 0 0 0 0 0 0 0 0 0 0/0 5:52 0:00 0:00
Radko Gudas 0 0 0 0 0 0 1 2 0 0 0/0 14:00 0:00 0:47
Raphael Diaz 0 0 0 0 0 3 0 0 0 0 0/0 21:56 6:51 0:00
Stefan Ruzicka 0 0 0 0 0 1 1 0 0 0 0/0 6:15 0:11 0:00
Taylor Chorney 0 0 0 0 0 0 2 0 0 0 0/0 25:17 5:35 1:15
Travis Zajac 0 0 0 0 0 2 2 0 0 0 7/11 20:14 5:42 0:22
Viktor Arvidsson 0 1 1 0 0 2 1 0 2 0 1/2 20:28 5:42 0:00
3 Stars
1 - Ryan Miller (SJS)
2 - Nick Palmieri (SJS)
3 - Petr Mrazek (Flo)
Power Play
Sharks - 1 on 2 Attempt(s) - 50.00%
Panthers - 0 on 7 Attempt(s) - 0.00%
Penalty Kill
Sharks - 7 on 7 Attempt(s) - 100.00%
- Score 0 goal in Penalty Kill
Panthers - 1 on 2 Attempt(s) - 50.00%
- Score 0 goal in Penalty Kill
Team Stat
Sharks - Hits : 23 - Faceoff Wins : 20 - Blocked Shots : 11 - Penalty Minutes : 14
Panthers - Hits : 26 - Faceoff Wins : 43 - Blocked Shots : 9 - Penalty Minutes : 4
Official
Referees : Unknown
Linesman : Unknown
Game Notes
No Game Note
Finance
Level 1 -- Attendance: 4289 (71.48%) -- Ticket Income $514,680
Level 2 -- Attendance: 3835 (76.70%) -- Ticket Income $268,450
Level 3 -- Attendance: 1612 (80.60%) -- Ticket Income $72,540
Level 4 -- Attendance: 3067 (76.68%) -- Ticket Income $107,345
Luxury Box -- Attendance: 823 (82.30%) -- Ticket Income $160,485
Game was played at the Bank Atlantic Cente.
Total Attendance: 13626 (75.70%)
Total Ticket Income: $1,123,500
Other Income: $168,525
Total Income: $1,292,025
Sharks
5 vs 5 Forward
Center Left Wing Right Wing Time % Phy DF OF
1 Jason Spezza Mike Cammalleri Nick Palmieri 40 1 2 2
2 T.J. Hensick Brandon Dubinsky Oskar Osala 30 1 2 2
3 Luke Adam Milan Michalek Bobby Butler 20 1 2 2
4 Boone Jenner Zach Boychuk Brandon Dubinsky 10 1 2 2
5 vs 5 Defense
Defense Defense Time % Phy DF OF
1 Drew Doughty PK Subban 40 1 2 2
2 Tyler Cuma Karl Alzner 30 1 2 2
3 Andrej Sekera Brayden McNabb 20 1 2 2
4 David Rundblad Drew Doughty 10 1 2 2
PowerPlay Forward
Center Left Wing Right Wing Time % Phy DF OF
1 Jason Spezza Mike Cammalleri Nick Palmieri 60 1 1 3
2 T.J. Hensick Brandon Dubinsky Oskar Osala 40 1 1 3
PowerPlay Defense
Defense Defense Time % Phy DF OF
1 Drew Doughty PK Subban 60 1 1 3
2 Tyler Cuma Karl Alzner 40 1 1 3
Penalty Kill 4 Players Forward
Center Wing Time % Phy DF OF
1 Jason Spezza Nick Palmieri 60 1 4 0
2 Mike Cammalleri Brandon Dubinsky 40 1 4 0
Penalty Kill 4 Players Defense
Defense Defense Time % Phy DF OF
1 Drew Doughty PK Subban 60 1 4 0
2 Tyler Cuma Karl Alzner 40 1 4 0
Penalty Kill - 3 Players Forward
Forward Time % Phy DF OF
1 Jason Spezza 60 1 4 0
2 Nick Palmieri 40 1 4 0
Penalty Kill - 3 Players Defense
Defense Defense Time % Phy DF OF
1 Drew Doughty PK Subban 60 1 4 0
2 Tyler Cuma Karl Alzner 40 1 4 0
4 vs 4 Forward
Center Wing Time % Phy DF OF
1 Jason Spezza Nick Palmieri 60 1 2 2
2 Mike Cammalleri Brandon Dubinsky 40 1 2 2
4 vs 4 Defense
Defense Defense Time % Phy DF OF
1 Drew Doughty PK Subban 60 1 2 2
2 Tyler Cuma Karl Alzner 40 1 2 2
Last Minutes Offensive
Center Left Wing Right Wing Defense Defense
Jason Spezza Mike Cammalleri Nick Palmieri Drew Doughty PK Subban
Last Minutes Defensive
Center Left Wing Right Wing Defense Defense
Jason Spezza Mike Cammalleri Nick Palmieri Drew Doughty PK Subban
Goaltenders
Starting : Ryan Miller
Backup : Antti Niemi
Extra Forwards
Normal : Milan Michalek, Bobby Butler, Zach Boychuk - PP : Milan Michalek, Bobby Butler - PK : Zach Boychuk
Extra Defensemen
Normal : Andrej Sekera, Brayden McNabb, David Rundblad - PP : Andrej Sekera - PK : David Rundblad, Brayden McNabb
Penalty Shots
Jason Spezza, Nick Palmieri, Mike Cammalleri, Brandon Dubinsky, Milan Michalek
Scratches
Jiri Tlusty (Broken Ribs Injury)
Panthers
5 vs 5 Forward
Center Left Wing Right Wing Time % Phy DF OF
1 Matt Duchene Alex Galchenyuk Jakob Silfverberg 40 0 2 3
2 Travis Zajac David Booth Viktor Arvidsson 30 0 2 3
3 Max Reinhart Chad Larose Drew Stafford 20 0 3 2
4 Kyle Wellwood Michael Raffl Stefan Ruzicka 10 1 2 2
5 vs 5 Defense
Defense Defense Time % Phy DF OF
1 Erik Gudbranson Alex Goligoski 40 0 2 3
2 Taylor Chorney Raphael Diaz 30 0 2 3
3 Radko Gudas Jonathan Sigalet 20 1 2 2
4 Erik Gudbranson Taylor Chorney 10 0 2 3
PowerPlay Forward
Center Left Wing Right Wing Time % Phy DF OF
1 Matt Duchene Alex Galchenyuk Jakob Silfverberg 60 0 1 4
2 Travis Zajac David Booth Viktor Arvidsson 40 0 1 4
PowerPlay Defense
Defense Defense Time % Phy DF OF
1 Erik Gudbranson Raphael Diaz 60 0 2 3
2 Alex Goligoski Taylor Chorney 40 0 2 3
Penalty Kill 4 Players Forward
Center Wing Time % Phy DF OF
1 Max Reinhart Drew Stafford 60 1 3 1
2 Travis Zajac Chad Larose 40 1 3 1
Penalty Kill 4 Players Defense
Defense Defense Time % Phy DF OF
1 Erik Gudbranson Taylor Chorney 60 1 3 1
2 Alex Goligoski Radko Gudas 40 1 3 1
Penalty Kill - 3 Players Forward
Forward Time % Phy DF OF
1 Drew Stafford 60 1 3 1
2 Max Reinhart 40 1 3 1
Penalty Kill - 3 Players Defense
Defense Defense Time % Phy DF OF
1 Erik Gudbranson Taylor Chorney 60 0 4 1
2 Alex Goligoski Radko Gudas 40 0 4 1
4 vs 4 Forward
Center Wing Time % Phy DF OF
1 Matt Duchene Jakob Silfverberg 60 0 2 3
2 Travis Zajac Alex Galchenyuk 40 0 2 3
4 vs 4 Defense
Defense Defense Time % Phy DF OF
1 Erik Gudbranson Taylor Chorney 60 0 2 3
2 Alex Goligoski Radko Gudas 40 0 2 3
Last Minutes Offensive
Center Left Wing Right Wing Defense Defense
Matt Duchene Alex Galchenyuk Jakob Silfverberg Erik Gudbranson Alex Goligoski
Last Minutes Defensive
Center Left Wing Right Wing Defense Defense
Max Reinhart David Booth Drew Stafford Erik Gudbranson Taylor Chorney
Goaltenders
Starting : Petr Mrazek
Backup : Brian Elliott
Extra Forwards
Normal : Viktor Arvidsson, Alex Galchenyuk, Matt Duchene - PP : Drew Stafford, Alex Galchenyuk - PK : Chad Larose
Extra Defensemen
Normal : Radko Gudas, Erik Gudbranson, Alex Goligoski - PP : Radko Gudas - PK : Alex Goligoski, Erik Gudbranson
Penalty Shots
Jakob Silfverberg, Viktor Arvidsson, Alex Galchenyuk, David Booth, Matt Duchene
Scratches
None
% Time on Ice - Sharks
Lines # - Real PCT - Wanted PCT - Time Play
Normal Forward
1 - 39% - 40% - 17:38
2 - 26% - 30% - 11:47
3 - 25% - 20% - 11:13
4 - 11% - 10% - 4:54
Normal Defense
1 - 38% - 40% - 17:27
2 - 32% - 30% - 14:24
3 - 22% - 20% - 10:04
4 - 8% - 10% - 3:37
PP Forward
1 - 57% - 60% - 1:10
2 - 43% - 40% - 0:52
PP Defense
1 - 35% - 60% - 0:43
2 - 65% - 40% - 1:19
PK Forward
1 - 77% - 60% - 9:38
2 - 23% - 40% - 2:48
PK Defense
1 - 55% - 60% - 6:50
2 - 45% - 40% - 5:36
PK3 Forward
1 - 68% - 60% - 0:59
2 - 32% - 40% - 0:28
PK3 Defense
1 - 75% - 60% - 1:05
2 - 25% - 40% - 0:22
44 Forward
1 - 75% - 60% - 2:40
2 - 25% - 40% - 0:53
44 Defense
1 - 51% - 60% - 1:48
2 - 49% - 40% - 1:45
Last Minute Offensive - 0:00
Last Minute Defensive - 0:00
Total
Forward - 65:00
Defense - 65:00
|
% Time on Ice - Panthers
Lines # - Real PCT - Wanted PCT - Time Play
Normal Forward
1 - 34% - 40% - 15:18
2 - 29% - 30% - 13:06
3 - 25% - 20% - 11:16
4 - 13% - 10% - 5:52
Normal Defense
1 - 43% - 40% - 19:32
2 - 30% - 30% - 13:37
3 - 23% - 20% - 10:25
4 - 4% - 10% - 1:58
PP Forward
1 - 54% - 60% - 6:44
2 - 46% - 40% - 5:42
PP Defense
1 - 55% - 60% - 6:51
2 - 45% - 40% - 5:35
PK Forward
1 - 82% - 60% - 1:40
2 - 18% - 40% - 0:22
PK Defense
1 - 100% - 60% - 2:02
2 - 0% - 40% - 0:00
PK3 Forward
1 - 0% - 60%
2 - 0% - 40%
PK3 Defense
1 - 0% - 60%
2 - 0% - 40%
44 Forward
1 - 79% - 60% - 3:56
2 - 21% - 40% - 1:04
44 Defense
1 - 57% - 60% - 2:52
2 - 43% - 40% - 2:08
Last Minute Offensive - 0:00
Last Minute Defensive - 0:00
Total
Forward - 65:00
Defense - 65:00
|
Play-by-Play
1st period
0:01 of 1st period - Jason Spezza wins face-off versus Alex Galchenyuk in neutral zone.
0:06 of 1st period - Slapshot by Drew Doughty.
0:06 of 1st period - Shot Blocked by Matt Duchene.
0:33 of 1st period - Minor Penalty to T.J. Hensick for Hooking.
0:34 of 1st period - Matt Duchene wins face-off versus Jason Spezza in Sharks zone.
0:38 of 1st period - Slapshot by Matt Duchene.
0:38 of 1st period - Shot Blocked by PK Subban.
1:35 of 1st period - Nick Palmieri is hit by Alex Galchenyuk and loses puck.
2:33 of 1st period - Penalty to T.J. Hensick is over, T.J. Hensick is back on ice.
2:35 of 1st period - Slapshot by Nick Palmieri.
2:35 of 1st period - Shot Misses the Net.
2:37 of 1st period - Wrist shot by PK Subban.
2:37 of 1st period - Shot Blocked by Erik Gudbranson.
2:39 of 1st period - Snap shot by PK Subban.
2:39 of 1st period - Stopped by Petr Mrazek with a rebound.
2:41 of 1st period - Snap shot by Nick Palmieri.
2:41 of 1st period - Stopped by Petr Mrazek with a rebound.
2:43 of 1st period - Wrist shot by Drew Doughty.
2:43 of 1st period - Stopped by Petr Mrazek without a rebound.
2:44 of 1st period - Kyle Wellwood wins face-off versus Bobby Butler in Panthers zone.
3:12 of 1st period - Minor Penalty to Brayden McNabb for Tripping.
3:13 of 1st period - Matt Duchene wins face-off versus Jason Spezza in Sharks zone.
3:40 of 1st period - Erik Gudbranson is hit by Mike Cammalleri and loses puck.
3:47 of 1st period - Snap shot by Brandon Dubinsky.
3:47 of 1st period - Deflect By Mike Cammalleri.
3:47 of 1st period - Stopped by Petr Mrazek without a rebound.
3:48 of 1st period - Matt Duchene wins face-off versus Jason Spezza in Panthers zone.
4:21 of 1st period - Slapshot by Viktor Arvidsson.
4:21 of 1st period - Shot Misses the Net.
4:43 of 1st period - Off-side.
4:44 of 1st period - Matt Duchene wins face-off versus Jason Spezza in neutral zone.
4:49 of 1st period - Wrist shot by Matt Duchene.
4:49 of 1st period - Shot Misses the Net.
4:51 of 1st period - Snap shot by Alex Galchenyuk.
4:51 of 1st period - Deflect By Matt Duchene.
4:51 of 1st period - Stopped by Ryan Miller with a rebound.
5:12 of 1st period - Penalty to Brayden McNabb is over, Brayden McNabb is back on ice.
5:25 of 1st period - Slapshot by Alex Goligoski.
5:25 of 1st period - Stopped by Ryan Miller without a rebound.
5:26 of 1st period - Matt Duchene wins face-off versus T.J. Hensick in Sharks zone.
5:29 of 1st period - Snap shot by Matt Duchene.
5:29 of 1st period - Stopped by Ryan Miller without a rebound.
5:30 of 1st period - Matt Duchene wins face-off versus T.J. Hensick in Sharks zone.
5:43 of 1st period - Tyler Cuma is hit by Matt Duchene and loses puck.
6:00 of 1st period - Slapshot by Brandon Dubinsky.
6:00 of 1st period - Stopped by Petr Mrazek without a rebound.
6:01 of 1st period - Viktor Arvidsson wins face-off versus Jason Spezza in Panthers zone.
6:10 of 1st period - Snap shot by Nick Palmieri.
6:10 of 1st period - Shot Misses the Net.
7:09 of 1st period - Travis Zajac is hit by Karl Alzner and loses puck.
7:28 of 1st period - Backhand shot by Matt Duchene.
7:28 of 1st period - Stopped by Ryan Miller without a rebound.
7:29 of 1st period - Jason Spezza wins face-off versus Matt Duchene in Sharks zone.
7:35 of 1st period - Off-side.
7:36 of 1st period - Jason Spezza wins face-off versus Matt Duchene in neutral zone.
8:05 of 1st period - Slapshot by T.J. Hensick.
8:05 of 1st period - Stopped by Petr Mrazek without a rebound.
8:06 of 1st period - Max Reinhart wins face-off versus T.J. Hensick in Panthers zone.
8:42 of 1st period - Slapshot by Matt Duchene.
8:42 of 1st period - Stopped by Ryan Miller without a rebound.
8:43 of 1st period - Jason Spezza wins face-off versus Travis Zajac in Sharks zone.
8:43 of 1st period - Jason Spezza is hit by Erik Gudbranson.
10:00 of 1st period - Wrist shot by Nick Palmieri.
10:00 of 1st period - Shot Blocked by Radko Gudas.
10:02 of 1st period - Wrist shot by Mike Cammalleri.
10:02 of 1st period - Shot Misses the Net.
10:14 of 1st period - Snap shot by Brandon Dubinsky.
10:14 of 1st period - Shot Blocked by Radko Gudas.
10:20 of 1st period - Snap shot by T.J. Hensick.
10:20 of 1st period - Shot Misses the Net.
10:22 of 1st period - Snap shot by Oskar Osala.
10:22 of 1st period - Deflect By T.J. Hensick.
10:22 of 1st period - Stopped by Petr Mrazek without a rebound.
10:23 of 1st period - Matt Duchene wins face-off versus Jason Spezza in Panthers zone.
10:23 of 1st period - Matt Duchene is hit by PK Subban.
10:50 of 1st period - Off-side.
10:51 of 1st period - Travis Zajac wins face-off versus T.J. Hensick in neutral zone.
11:07 of 1st period - Off-side.
11:08 of 1st period - Jason Spezza wins face-off versus Matt Duchene in neutral zone.
11:37 of 1st period - Mike Cammalleri is hit by Erik Gudbranson.
11:47 of 1st period - Nick Palmieri is hit by Drew Stafford.
11:48 of 1st period - Icing by Nick Palmieri.
11:49 of 1st period - Jason Spezza wins face-off versus Viktor Arvidsson in Sharks zone.
11:56 of 1st period - Jason Spezza is hit by David Booth and loses puck.
12:15 of 1st period - Mike Cammalleri is hit by Drew Stafford.
12:26 of 1st period - Nick Palmieri is hit by Chad Larose and loses puck.
13:08 of 1st period - Snap shot by Brandon Dubinsky.
13:08 of 1st period - Shot Misses the Net.
13:42 of 1st period - Slapshot by Alex Goligoski.
13:42 of 1st period - Stopped by Ryan Miller with a rebound.
13:44 of 1st period - Slapshot by Alex Goligoski.
13:44 of 1st period - Shot Blocked by Brayden McNabb.
13:46 of 1st period - Slapshot by Max Reinhart.
13:46 of 1st period - Shot Misses the Net.
13:48 of 1st period - Backhand shot by Drew Stafford.
13:48 of 1st period - Shot Misses the Net.
14:28 of 1st period - Travis Zajac is hit by Brayden McNabb and loses puck.
14:49 of 1st period - Tyler Cuma is hit by Drew Stafford and loses puck.
15:06 of 1st period - Nick Palmieri is hit by Jonathan Sigalet.
15:12 of 1st period - Karl Alzner is hit by Alex Galchenyuk.
17:21 of 1st period - Slapshot by Stefan Ruzicka.
17:21 of 1st period - Shot Misses the Net.
18:14 of 1st period - Icing by Oskar Osala.
18:15 of 1st period - Matt Duchene wins face-off versus T.J. Hensick in Sharks zone.
18:22 of 1st period - Alex Galchenyuk is hit by T.J. Hensick and loses puck.
18:33 of 1st period - Taylor Chorney is hit by Zach Boychuk.
18:37 of 1st period - Jakob Silfverberg is hit by Brayden McNabb and loses puck.
19:02 of 1st period - Karl Alzner is hit by Travis Zajac.
19:18 of 1st period - Wrist shot by Travis Zajac.
19:18 of 1st period - Stopped by Ryan Miller without a rebound.
19:19 of 1st period - T.J. Hensick wins face-off versus Max Reinhart in Sharks zone.
19:24 of 1st period - Alex Goligoski is hit by Brandon Dubinsky.
19:28 of 1st period - Wrist shot by Drew Doughty.
19:28 of 1st period - Stopped by Petr Mrazek without a rebound.
19:29 of 1st period - Jason Spezza wins face-off versus Max Reinhart in Panthers zone.
Goals for this period are 0 for Sharks vs 0 for Panthers.
Shots for this period are 8 for Sharks vs 7 for Panthers.
2nd period
0:01 of 2nd period - Jason Spezza wins face-off versus Matt Duchene in neutral zone.
0:16 of 2nd period - Wrist shot by Matt Duchene.
0:16 of 2nd period - Deflect By Alex Galchenyuk.
0:16 of 2nd period - Deflect By Drew Doughty.
0:16 of 2nd period - Shot Misses the Net.
0:16 of 2nd period - Puck is out of play.
0:17 of 2nd period - Travis Zajac wins face-off versus Brandon Dubinsky in Sharks zone.
0:24 of 2nd period - Slapshot by Travis Zajac.
0:24 of 2nd period - Shot Misses the Net.
0:26 of 2nd period - Slapshot by Alex Goligoski.
0:26 of 2nd period - Stopped by Ryan Miller without a rebound.
0:27 of 2nd period - Travis Zajac wins face-off versus T.J. Hensick in Sharks zone.
0:38 of 2nd period - Wrist shot by David Booth.
0:38 of 2nd period - Shot Blocked by Drew Doughty.
0:40 of 2nd period - Wrist shot by Viktor Arvidsson.
0:40 of 2nd period - Shot Misses the Net.
0:42 of 2nd period - Slapshot by Alex Goligoski.
0:42 of 2nd period - Stopped by Ryan Miller with a rebound.
0:44 of 2nd period - Wrist shot by Viktor Arvidsson.
0:44 of 2nd period - Stopped by Ryan Miller with a rebound.
0:46 of 2nd period - Slapshot by David Booth.
0:46 of 2nd period - Shot Blocked by Drew Doughty.
0:48 of 2nd period - Slapshot by Alex Goligoski.
0:48 of 2nd period - Deflect By David Booth.
0:48 of 2nd period - Shot Misses the Net.
0:48 of 2nd period - Puck is out of play.
0:49 of 2nd period - Matt Duchene wins face-off versus Jason Spezza in Sharks zone.
0:58 of 2nd period - Snap shot by Matt Duchene.
0:58 of 2nd period - Stopped by Ryan Miller with a rebound.
1:00 of 2nd period - Minor Penalty to Mike Cammalleri for Slashing.
1:01 of 2nd period - Matt Duchene wins face-off versus Nick Palmieri in Sharks zone.
2:55 of 2nd period - Zach Boychuk is hit by Drew Stafford and loses puck.
3:00 of 2nd period - Penalty to Mike Cammalleri is over, Mike Cammalleri is back on ice.
3:38 of 2nd period - Wrist shot by Milan Michalek.
3:38 of 2nd period - Stopped by Petr Mrazek with a rebound.
3:46 of 2nd period - Radko Gudas is hit by Bobby Butler and loses puck.
4:26 of 2nd period - T.J. Hensick is hit by David Booth and loses puck.
5:36 of 2nd period - Andrej Sekera is hit by Alex Galchenyuk and loses puck.
6:21 of 2nd period - Wrist shot by Stefan Ruzicka.
6:21 of 2nd period - Shot Misses the Net.
6:32 of 2nd period - Icing by Drew Doughty.
6:33 of 2nd period - Matt Duchene wins face-off versus Luke Adam in Sharks zone.
7:03 of 2nd period - Snap shot by Viktor Arvidsson.
7:03 of 2nd period - Shot Misses the Net.
7:18 of 2nd period - Backhand shot by Nick Palmieri.
7:18 of 2nd period - Stopped by Petr Mrazek with a rebound.
7:20 of 2nd period - Slapshot by Mike Cammalleri.
7:20 of 2nd period - Shot Misses the Net.
7:34 of 2nd period - Snap shot by Alex Galchenyuk.
7:34 of 2nd period - Stopped by Ryan Miller with a rebound.
7:36 of 2nd period - Backhand shot by Matt Duchene.
7:36 of 2nd period - Stopped by Ryan Miller with a rebound.
7:38 of 2nd period - Slapshot by Raphael Diaz.
7:38 of 2nd period - Stopped by Ryan Miller without a rebound.
7:39 of 2nd period - Alex Galchenyuk wins face-off versus Jason Spezza in Sharks zone.
7:40 of 2nd period - Wrist shot by Matt Duchene.
7:40 of 2nd period - Shot Blocked by Jason Spezza.
8:12 of 2nd period - Wrist shot by Viktor Arvidsson.
8:12 of 2nd period - Shot Misses the Net.
8:14 of 2nd period - Slapshot by Raphael Diaz.
8:14 of 2nd period - Stopped by Ryan Miller with a rebound.
8:29 of 2nd period - Chad Larose is hit by Nick Palmieri and loses puck.
8:44 of 2nd period - Karl Alzner is hit by Stefan Ruzicka and loses puck.
9:58 of 2nd period - Taylor Chorney is hit by Luke Adam and loses puck.
10:40 of 2nd period - Icing by Jason Spezza.
10:41 of 2nd period - Matt Duchene wins face-off versus Jason Spezza in Sharks zone.
11:05 of 2nd period - Snap shot by Nick Palmieri.
11:05 of 2nd period - Stopped by Petr Mrazek without a rebound.
11:06 of 2nd period - Travis Zajac wins face-off versus Luke Adam in Panthers zone.
11:08 of 2nd period - Minor Penalty to Jonathan Sigalet for Roughing.
11:09 of 2nd period - Jason Spezza wins face-off versus Max Reinhart in Panthers zone.
11:11 of 2nd period - Snap shot by Nick Palmieri.
11:11 of 2nd period - Goal by Nick Palmieri - Sharks : 1 - Panthers : 0.
11:12 of 2nd period - Jakob Silfverberg wins face-off versus Jason Spezza in neutral zone.
11:37 of 2nd period - Oskar Osala is hit by Travis Zajac and loses puck.
12:00 of 2nd period - Wrist shot by Erik Gudbranson.
12:00 of 2nd period - Goal by Erik Gudbranson - Sharks : 1 - Panthers : 1.
12:01 of 2nd period - Matt Duchene wins face-off versus Jason Spezza in neutral zone.
12:28 of 2nd period - T.J. Hensick is hit by Taylor Chorney and loses puck.
13:32 of 2nd period - Brandon Dubinsky is hit by Alex Goligoski and loses puck.
15:23 of 2nd period - Raphael Diaz is hit by Brandon Dubinsky.
16:10 of 2nd period - Icing by Travis Zajac.
16:11 of 2nd period - Travis Zajac wins face-off versus Luke Adam in Panthers zone.
16:22 of 2nd period - Snap shot by Travis Zajac.
16:22 of 2nd period - Stopped by Ryan Miller with a rebound.
16:38 of 2nd period - Snap shot by Viktor Arvidsson.
16:38 of 2nd period - Stopped by Ryan Miller with a rebound.
16:52 of 2nd period - Slapshot by Jakob Silfverberg.
16:52 of 2nd period - Stopped by Ryan Miller without a rebound.
16:53 of 2nd period - Max Reinhart wins face-off versus T.J. Hensick in Sharks zone.
17:48 of 2nd period - Off-side.
17:49 of 2nd period - T.J. Hensick wins face-off versus Travis Zajac in neutral zone.
18:23 of 2nd period - Slapshot by Bobby Butler.
18:23 of 2nd period - Shot Misses the Net.
18:31 of 2nd period - Snap shot by Viktor Arvidsson.
18:31 of 2nd period - Shot Misses the Net.
18:33 of 2nd period - Wrist shot by David Booth.
18:33 of 2nd period - Stopped by Ryan Miller with a rebound.
18:54 of 2nd period - Icing by PK Subban.
18:55 of 2nd period - Matt Duchene wins face-off versus Luke Adam in Sharks zone.
19:06 of 2nd period - Snap shot by Drew Doughty.
19:06 of 2nd period - Deflect By Jakob Silfverberg.
19:06 of 2nd period - Stopped by Petr Mrazek without a rebound.
19:07 of 2nd period - Jason Spezza wins face-off versus Matt Duchene in Panthers zone.
19:07 of 2nd period - Jason Spezza is hit by Taylor Chorney.
19:15 of 2nd period - Wrist shot by Nick Palmieri.
19:15 of 2nd period - Shot Misses the Net.
19:18 of 2nd period - Icing by Alex Galchenyuk.
19:19 of 2nd period - Matt Duchene wins face-off versus Jason Spezza in Panthers zone.
19:19 of 2nd period - Matt Duchene is hit by Nick Palmieri.
19:41 of 2nd period - Slapshot by Jakob Silfverberg.
19:41 of 2nd period - Stopped by Ryan Miller without a rebound.
19:42 of 2nd period - Travis Zajac wins face-off versus T.J. Hensick in Sharks zone.
19:55 of 2nd period - Wrist shot by Viktor Arvidsson.
19:55 of 2nd period - Shot Blocked by PK Subban.
19:57 of 2nd period - Snap shot by Alex Goligoski.
19:57 of 2nd period - Stopped by Ryan Miller without a rebound.
19:58 of 2nd period - Jason Spezza wins face-off versus Matt Duchene in Sharks zone.
Goals for this period are 1 for Sharks vs 1 for Panthers.
Shots for this period are 5 for Sharks vs 15 for Panthers.
3rd period
0:01 of 3rd period - Jason Spezza wins face-off versus Matt Duchene in neutral zone.
0:04 of 3rd period - Slapshot by Drew Doughty.
0:04 of 3rd period - Stopped by Petr Mrazek with a rebound.
0:18 of 3rd period - Alex Goligoski is hit by Jason Spezza and loses puck.
0:37 of 3rd period - Wrist shot by Brandon Dubinsky.
0:37 of 3rd period - Shot Misses the Net.
0:39 of 3rd period - Wrist shot by Oskar Osala.
0:39 of 3rd period - Shot Misses the Net.
0:41 of 3rd period - Wrist shot by Karl Alzner.
0:41 of 3rd period - Shot Misses the Net.
0:43 of 3rd period - Snap shot by Brandon Dubinsky.
0:43 of 3rd period - Stopped by Petr Mrazek without a rebound.
0:44 of 3rd period - Max Reinhart wins face-off versus Milan Michalek in Panthers zone.
0:44 of 3rd period - Raphael Diaz is hit by Bobby Butler.
0:52 of 3rd period - Wrist shot by Max Reinhart.
0:52 of 3rd period - Deflect By Drew Stafford.
0:52 of 3rd period - Stopped by Ryan Miller with a rebound.
1:51 of 3rd period - Andrej Sekera is hit by Radko Gudas and loses puck.
1:58 of 3rd period - Slapshot by Alex Goligoski.
1:58 of 3rd period - Shot Misses the Net.
2:18 of 3rd period - Nick Palmieri is hit by Chad Larose and loses puck.
2:30 of 3rd period - Snap shot by Drew Stafford.
2:30 of 3rd period - Stopped by Ryan Miller without a rebound.
2:31 of 3rd period - Matt Duchene wins face-off versus T.J. Hensick in Sharks zone.
2:32 of 3rd period - Snap shot by Alex Galchenyuk.
2:32 of 3rd period - Stopped by Ryan Miller with a rebound.
3:35 of 3rd period - Minor Penalty to Erik Gudbranson for Holding.
3:36 of 3rd period - Jason Spezza wins face-off versus Max Reinhart in Panthers zone.
3:43 of 3rd period - Snap shot by Jason Spezza.
3:43 of 3rd period - Stopped by Petr Mrazek with a rebound.
3:45 of 3rd period - Snap shot by Mike Cammalleri.
3:45 of 3rd period - Deflect By Alex Goligoski.
3:45 of 3rd period - Stopped by Petr Mrazek with a rebound.
3:55 of 3rd period - Max Reinhart is hit by Tyler Cuma and loses puck.
4:12 of 3rd period - Wrist shot by Karl Alzner.
4:12 of 3rd period - Shot Misses the Net.
4:14 of 3rd period - Slapshot by Karl Alzner.
4:14 of 3rd period - Shot Misses the Net.
4:16 of 3rd period - Slapshot by Karl Alzner.
4:16 of 3rd period - Deflect By Drew Stafford.
4:16 of 3rd period - Stopped by Petr Mrazek with a rebound.
5:35 of 3rd period - Penalty to Erik Gudbranson is over, Erik Gudbranson is back on ice.
5:41 of 3rd period - Jonathan Sigalet is hit by PK Subban.
6:38 of 3rd period - Drew Doughty is hit by Drew Stafford and loses puck.
7:06 of 3rd period - Icing by Oskar Osala.
7:07 of 3rd period - T.J. Hensick wins face-off versus Matt Duchene in Sharks zone.
7:18 of 3rd period - Bobby Butler is hit by Matt Duchene and loses puck.
8:21 of 3rd period - Wrist shot by Milan Michalek.
8:21 of 3rd period - Shot Misses the Net.
8:23 of 3rd period - Slapshot by Karl Alzner.
8:23 of 3rd period - Stopped by Petr Mrazek without a rebound.
8:24 of 3rd period - Matt Duchene wins face-off versus Jason Spezza in Panthers zone.
8:24 of 3rd period - Matt Duchene is hit by Nick Palmieri.
8:46 of 3rd period - Jason Spezza is hit by Matt Duchene and loses puck.
8:54 of 3rd period - Minor Penalty to Karl Alzner for Roughing.
8:55 of 3rd period - Travis Zajac wins face-off versus Jason Spezza in Sharks zone.
9:30 of 3rd period - Alex Galchenyuk is hit by Drew Doughty and loses puck.
10:54 of 3rd period - Penalty to Karl Alzner is over, Karl Alzner is back on ice.
10:56 of 3rd period - Minor Penalty to PK Subban for Tripping.
10:57 of 3rd period - Jason Spezza wins face-off versus Travis Zajac in Sharks zone.
11:51 of 3rd period - Slapshot by Drew Doughty.
11:51 of 3rd period - Shot Blocked by Matt Duchene.
12:56 of 3rd period - Penalty to PK Subban is over, PK Subban is back on ice.
12:57 of 3rd period - Icing by Chad Larose.
12:58 of 3rd period - Drew Stafford wins face-off versus Luke Adam in Panthers zone.
12:58 of 3rd period - Drew Stafford is hit by Luke Adam.
13:04 of 3rd period - Wrist shot by Milan Michalek.
13:04 of 3rd period - Deflect By Luke Adam.
13:04 of 3rd period - Stopped by Petr Mrazek without a rebound.
13:05 of 3rd period - Drew Stafford wins face-off versus Luke Adam in Panthers zone.
13:33 of 3rd period - Wrist shot by Nick Palmieri.
13:33 of 3rd period - Shot Blocked by Kyle Wellwood.
13:35 of 3rd period - Slapshot by Karl Alzner.
13:35 of 3rd period - Stopped by Petr Mrazek without a rebound.
13:36 of 3rd period - Matt Duchene wins face-off versus Jason Spezza in Panthers zone.
13:50 of 3rd period - Slapshot by Drew Doughty.
13:50 of 3rd period - Shot Blocked by Jakob Silfverberg.
14:35 of 3rd period - Off-side.
14:36 of 3rd period - Matt Duchene wins face-off versus Jason Spezza in neutral zone.
14:43 of 3rd period - Snap shot by Alex Galchenyuk.
14:43 of 3rd period - Stopped by Ryan Miller without a rebound.
14:44 of 3rd period - Matt Duchene wins face-off versus Jason Spezza in Sharks zone.
15:15 of 3rd period - Wrist shot by Matt Duchene.
15:15 of 3rd period - Shot Misses the Net.
15:17 of 3rd period - Slapshot by Matt Duchene.
15:17 of 3rd period - Shot Misses the Net.
15:19 of 3rd period - Snap shot by Alex Galchenyuk.
15:19 of 3rd period - Stopped by Ryan Miller without a rebound.
15:20 of 3rd period - Max Reinhart wins face-off versus Mike Cammalleri in Sharks zone.
15:24 of 3rd period - Minor Penalty to Jason Spezza for Hooking.
15:25 of 3rd period - Matt Duchene wins face-off versus Zach Boychuk in Sharks zone.
15:29 of 3rd period - Snap shot by Jakob Silfverberg.
15:29 of 3rd period - Stopped by Ryan Miller without a rebound.
15:30 of 3rd period - Matt Duchene wins face-off versus Zach Boychuk in Sharks zone.
17:24 of 3rd period - Penalty to Jason Spezza is over, Jason Spezza is back on ice.
17:33 of 3rd period - Snap shot by Jason Spezza.
17:33 of 3rd period - Deflect By Mike Cammalleri.
17:33 of 3rd period - Stopped by Petr Mrazek with a rebound.
17:51 of 3rd period - Slapshot by Drew Doughty.
17:51 of 3rd period - Shot Blocked by Chad Larose.
18:05 of 3rd period - Slapshot by Max Reinhart.
18:05 of 3rd period - Shot Blocked by PK Subban.
18:07 of 3rd period - Slapshot by Raphael Diaz.
18:07 of 3rd period - Shot Blocked by Drew Doughty.
18:09 of 3rd period - Slapshot by Raphael Diaz.
18:09 of 3rd period - Stopped by Ryan Miller with a rebound.
18:11 of 3rd period - Slapshot by Chad Larose.
18:11 of 3rd period - Shot Misses the Net.
18:13 of 3rd period - Wrist shot by Max Reinhart.
18:13 of 3rd period - Shot Blocked by Mike Cammalleri.
18:15 of 3rd period - Slapshot by Erik Gudbranson.
18:15 of 3rd period - Shot Misses the Net.
18:23 of 3rd period - Wrist shot by Drew Stafford.
18:23 of 3rd period - Shot Misses the Net.
18:39 of 3rd period - Snap shot by T.J. Hensick.
18:39 of 3rd period - Shot Misses the Net.
19:00 of 3rd period - Icing by PK Subban.
19:01 of 3rd period - Kyle Wellwood wins face-off versus T.J. Hensick in Sharks zone.
19:08 of 3rd period - Snap shot by Kyle Wellwood.
19:08 of 3rd period - Shot Blocked by Mike Cammalleri.
19:10 of 3rd period - Slapshot by Michael Raffl.
19:10 of 3rd period - Shot Misses the Net.
19:12 of 3rd period - Wrist shot by Stefan Ruzicka.
19:12 of 3rd period - Stopped by Ryan Miller without a rebound.
19:13 of 3rd period - Kyle Wellwood wins face-off versus Milan Michalek in Sharks zone.
19:27 of 3rd period - Minor Penalty to Brayden McNabb for Tripping.
19:28 of 3rd period - Jakob Silfverberg wins face-off versus Zach Boychuk in Sharks zone.
19:43 of 3rd period - Slapshot by Alex Galchenyuk.
19:43 of 3rd period - Stopped by Ryan Miller with a rebound.
Goals for this period are 0 for Sharks vs 0 for Panthers.
Shots for this period are 9 for Sharks vs 9 for Panthers.
Overtime #1
0:01 of 1st overtime period - Jason Spezza wins face-off versus Matt Duchene in neutral zone.
0:12 of 1st overtime period - Wrist shot by Jason Spezza.
0:12 of 1st overtime period - Shot Blocked by Erik Gudbranson.
0:48 of 1st overtime period - Snap shot by Alex Galchenyuk.
0:48 of 1st overtime period - Stopped by Ryan Miller without a rebound.
0:49 of 1st overtime period - Alex Galchenyuk wins face-off versus Nick Palmieri in Sharks zone.
0:52 of 1st overtime period - Snap shot by Alex Galchenyuk.
0:52 of 1st overtime period - Shot Blocked by Drew Doughty.
1:08 of 1st overtime period - Snap shot by Alex Goligoski.
1:08 of 1st overtime period - Stopped by Ryan Miller without a rebound.
1:09 of 1st overtime period - Jason Spezza wins face-off versus Matt Duchene in Sharks zone.
1:27 of 1st overtime period - Penalty to Brayden McNabb is over, Brayden McNabb is back on ice.
2:12 of 1st overtime period - Karl Alzner is hit by Viktor Arvidsson and loses puck.
2:31 of 1st overtime period - Wrist shot by Mike Cammalleri.
2:31 of 1st overtime period - Stopped by Petr Mrazek with a rebound.
2:48 of 1st overtime period - Off-side.
2:49 of 1st overtime period - Milan Michalek wins face-off versus Travis Zajac in neutral zone.
4:00 of 1st overtime period - Alex Goligoski is hit by Tyler Cuma and loses puck.
4:17 of 1st overtime period - Taylor Chorney is hit by Drew Doughty.
4:30 of 1st overtime period - Chad Larose is hit by Brandon Dubinsky and loses puck.
Goals for this period are 0 for Sharks vs 0 for Panthers.
Shots for this period are 1 for Sharks vs 2 for Panthers.
ShootOut
5:00 of 1st overtime period - Round #1.
5:00 of 1st overtime period - Sharks, Jason Spezza.
5:00 of 1st overtime period - Snap shot by Jason Spezza.
5:00 of 1st overtime period - Goal by Jason Spezza.
5:00 of 1st overtime period - Panthers, Jakob Silfverberg.
5:00 of 1st overtime period - Deke by Jakob Silfverberg.
5:00 of 1st overtime period - Stopped by Ryan Miller.
5:00 of 1st overtime period - Round #2.
5:00 of 1st overtime period - Sharks, Nick Palmieri.
5:00 of 1st overtime period - Wrist shot by Nick Palmieri.
5:00 of 1st overtime period - Stopped by Petr Mrazek.
5:00 of 1st overtime period - Panthers, Viktor Arvidsson.
5:00 of 1st overtime period - Deke by Viktor Arvidsson.
5:00 of 1st overtime period - Stopped by Ryan Miller.
5:00 of 1st overtime period - Round #3.
5:00 of 1st overtime period - Sharks, Mike Cammalleri.
5:00 of 1st overtime period - Backhand shot by Mike Cammalleri.
5:00 of 1st overtime period - Goal by Mike Cammalleri.